 Dungeon Crawl Stone Soup version 0.21.1-1-g345015f (webtiles) character file.

456 teukkam the Ruffian (level 6, -3/65 HPs)
             Began as a Troll Monk on June 20, 2018.
             Slain by a wight
             ... wielding a +0 halberd
              (14 damage)
             ... on level 8 of the Dungeon.
             The game lasted 00:06:37 (1331 turns).

teukkam the Ruffian (Troll Monk)                    Turns: 1331, Time: 00:06:38

Health: -3/65      AC:  5    Str: 22    XL:     6   Next: 77%
Magic:  5/5        EV: 10    Int:  6    God:
Gold:   86         SH:  0    Dex: 12    Spells: 5/5 levels left

rFire    . . .     SeeInvis .     - Unarmed
rCold    + . .     Gourm    +   (no shield)
rNeg     . . .     Faith    .   a - +0 robe
rPois    .         Spirit   .   (helmet restricted)
rElec    .         Reflect  .   (no cloak)
rCorr    .         Harm     .   (gloves unavailable)
MR       .....                  (boots unavailable)
Stlth    +.........             (no amulet)
HPRegen  0.60/turn              c - ring of flight
MPRegen  0.09/turn              m - ring of protection from cold

@: drained
A: large, unfitting armour, claws 3, fast metabolism 3, gourmand, regeneration
1, shaggy fur 1, tough skin 2
a: Evoke Flight


You were on level 8 of the Dungeon.
You were very full.

You visited 1 branch of the dungeon, and saw 8 of its levels.

You collected 86 gold pieces.

Inventory:

Missiles
 g - 6 curare-tipped needles
Armour
 a - a +0 robe (worn)
Jewellery
 c - a ring of flight (left claw)
 m - a ring of protection from cold (right claw)
Wands
 n - a wand of disintegration (13)
Scrolls
 f - a scroll of teleportation {unknown}
 h - a scroll of identify {unknown}
 i - a scroll of blinking {unknown}
 j - a scroll of magic mapping {unknown}
 k - a scroll of enchant armour {unknown}
 l - a scroll of amnesia {unknown}
 o - a scroll of fear {unknown}
Comestibles
 b - 8 rations
 d - 3 chunks of flesh


   Skills:
 + Level 4.8(4.6) Fighting
 - Level 2.4(2.1) Dodging
 - Level 1.0(0.8) Stealth
 + Level 5.8(5.5) Unarmed Combat


You had 5 spell levels left.
You didn't know any spells.

Dungeon Overview and Level Annotations

Branches:
Dungeon (8/15)
 Temple: D:4-7         Lair: D:8-11

Altars:
Okawaru
Sif Muna


Innate Abilities, Weirdness & Mutations

You are too large for most types of armour.
You have claws for hands.
Your metabolism is lightning-fast.
You like to eat raw meat.
Your natural rate of healing is unusually fast.
You are covered in fur. (AC +1)
You have very tough skin. (AC +2)


Message History

It was a scroll of random uselessness.
The adder bites you. The adder barely misses you.
The centaur skeleton hits you. The centaur skeleton hits you.
You scratch the jelly but do no damage.
Your claws burn!
The wight closely misses you. The jelly hits you but does no damage.
You claw the jelly!
Your claws burn!
You kill the jelly!
The wight hits you with a halberd!
* * * LOW HITPOINT WARNING * * *
You claw the wight!
The wight is severely damaged.
The wight closely misses you.
You scratch the wight.
The wight is almost destroyed.
The wight completely misses you.
You scratch the wight but do no damage.
The wight is almost destroyed.
The wight hits you with a halberd!
You die...

#.#.###########.##
#.#........ #.#
#.......... #.#
#.......... #.#
#.......... #..
#Z......... ###
#zS........
#z####..... #@#
..... #.# .). #.#
#.# ### #.# #<#
#.# #.# #.# #.#
#.# ###.### #.#
#......


You could see 2 wights, an adder and a centaur skeleton.

Vanquished Creatures
  A sky beast (D:6)
  A centaur (D:6)
  A jelly (D:8)
  A bullfrog skeleton (D:5)
  Ijyb (D:5)
  An iguana (D:8)
  2 worker ants
  3 gnolls (D:2)
  5 adders
  A shadow imp (D:8)
  A worm (D:5)
  7 bats
  4 giant cockroaches
  6 hobgoblins
  5 jackals
  4 kobolds
  2 quokkas (D:2)
  A ball python (D:2)
  A ball python skeleton (D:4)
  3 frilled lizards
  4 goblins (D:1)
  3 rats
58 creatures vanquished.

Notes
Turn   | Place    | Note
-------+----------+-------------------------------------------
     0 | D:1      | teukkam the Troll Monk began the quest for the Orb.
     0 | D:1      | Reached XP level 1. HP: 22/22 MP: 0/0
    81 | D:1      | Reached XP level 2. HP: 25/29 MP: 1/1
   386 | D:2      | Reached XP level 3. HP: 37/37 MP: 2/2
   544 | D:2      | Reached skill level 4 in Unarmed Combat
   547 | D:2      | Reached XP level 4. HP: 38/45 MP: 3/3
   826 | D:5      | Entered Level 5 of the Dungeon
   844 | D:5      | Reached XP level 5. HP: 47/54 MP: 4/4
   847 | D:5      | Noticed Ijyb
   857 | D:5      | Killed Ijyb
   977 | D:6      | Noticed a sky beast
   979 | D:6      | Found an iron altar of Okawaru.
   981 | D:6      | Noticed a centaur
   991 | D:6      | Killed a sky beast
   991 | D:6      | Reached skill level 5 in Unarmed Combat
   991 | D:6      | Reached XP level 6. HP: 15/63 MP: 5/5
  1092 | D:6      | Found a deep blue altar of Sif Muna.
  1331 | D:8      | Slain by a wight

Skill      XL: |  1  2  3  4  5 |
---------------+----------------+-----
Fighting       | 3 4 |  4.8
Unarmed Combat | 4 5 |  5.8
Dodging        | |  2.4
Stealth        | |  1.0

Action                   |  1- 3 |  4- 6 || total
-------------------------+-------+-------++-------
Melee: Unarmed           |    82 |    79 ||   161
       Punch             |     1 |     2 ||     3
Evoke: Wand              |       |     1 ||     1
  Use: Scroll            |       |     1 ||     1
 Stab: Sleeping          |     1 |     2 ||     3
  Eat: Chunk             |    10 |     7 ||    17
Armor: Robe              |    44 |    25 ||    69
Dodge: Dodged            |    45 |    58 ||   103
